 Dungeon Crawl Stone Soup version 0.28-a0-519-gbfeecf2fc5 (webtiles) character file.

Game seed: 7088591709475495517

66 avis the Insei (level 4, 0/31 HPs)
             Began as an Octopode Transmuter on Sept 24, 2021.
             Succumbed to a kobold's poison
             ... on level 2 of the Dungeon.
             The game lasted 00:13:15 (2262 turns).

avis the Insei (Octopode Transmuter)                Turns: 2262, Time: 00:13:15

Health: 0/31       AC:  1    Str: 10    XL:     4   Next: 15%
Magic:  5/7        EV: 13    Int: 15    God:
Gold:   93         SH:  0    Dex: 12    Spells: 3/7 levels left

rFire   . . .      SeeInvis .     - Unarmed
rCold   . . .      Faith    .   (no shield)
rNeg    . . .      Spirit   .   (helmet restricted)
rPois   .          Reflect  .   (no amulet)
rElec   .          Harm     .   (no ring)
rCorr   .          Rampage  .   (no ring)
Will    .....                   (no ring)
Stlth   ++........              (no ring)
HPRegen 0.10/turn               (no ring)
MPRegen 0.10/turn               (no ring)
                                (no ring)
                                (no ring)

@: brilliant, lethally poisoned (0 -> -6), attractive, flying, very slightly
contaminated, invisible
A: almost no armour, amphibious, 8 rings, camouflage 1, gelatinous body 1,
(nimble swimmer 1), tentacles
a: no special abilities


You were on level 2 of the Dungeon.
You visited 1 branch of the dungeon, and saw 3 of its levels.

You collected 93 gold pieces.

Inventory:

Hand Weapons
 b - a +0 hunting sling
 d - a +0 dagger
Missiles
 e - 16 poisoned darts
 f - 34 stones
 k - 22 arrows
 l - 21 bolts
Scrolls
 a - a scroll of identify
 g - a scroll of noise
Potions
 h - a potion of attraction


   Skills:
 - Level 3.0 Fighting
 - Level 2.0 Dodging
 - Level 3.0 Unarmed Combat
 - Level 2.0 Spellcasting
 - Level 2.0 Transmutations
 * Level 2.7 Poison Magic


You had 3 spell levels left.
You knew the following spells:

 Your Spells              Type           Power      Damage    Failure   Level
a - Beastly Appendage     Tmut           22%        N/A       10%         1
p - Spider Form           Tmut/Pois      6%         N/A       26%         3

Your spell library contained the following spells:

 Spells                   Type           Power      Damage    Failure   Level
 Wereblood                Tmut           11%        N/A       14%         2
 Magic Dart               Conj           8%         1d3       22%         1
 Call Imp                 Summ           2%         N/A       32%         2
 Slow                     Hex            2%         N/A       32%         2
 Mephitic Cloud           Conj/Pois/Air  6%         N/A       43%         3
 Confusing Touch          Hex            2%         N/A       54%         3
 Ice Form                 Ice/Tmut       6%         N/A       82%         4
 Yara's Violent Unravell  Hex/Tmut       3%         3d4       99%         5


Dungeon Overview and Level Annotations

Branches:
Dungeon (3/15)

Altars:


Innate Abilities, Weirdness & Mutations

You cannot wear most types of armour.
You are amphibious.
You can wear up to eight rings at the same time.
Your skin changes colour to match your surroundings (Stealth+).
Your rubbery body absorbs attacks. (AC +1, EV +1)
((You are camouflaged near water. (Stealth+)))
You have tentacles for arms and can constrict up to eight enemies at once.


Message History

The kobold throws a poisoned dart.
The poisoned dart hits you!
You are poisoned.
You feel very sick.
You feel sick.
The kobold throws a poisoned dart.
The poisoned dart closely misses you.
Your transformation is almost over.
You feel sick.
There is a stone staircase leading up here.
You feel sick.
The kobold throws a poisoned dart.
The poisoned dart hits you!
You are lethally poisoned!
You climb upwards.
You feel extremely sick.
There is a stone staircase leading down here.
There is a lethal amount of poison in your body!
It was a potion of attraction.
You feel attractive to monsters.
You feel very sick.
It was a potion of flight.
You feel very buoyant.
You fly up into the air.
* * * LOW HITPOINT WARNING * * *
You feel very sick.
It was a potion of invisibility.
You fade into invisibility!
* * * LOW HITPOINT WARNING * * *
You feel very sick.
You are very lightly contaminated with residual magic.
It was a potion of brilliance.
You feel clever all of a sudden.
* * * LOW HITPOINT WARNING * * *
You feel sick.
Okay, then.
As you read the scroll labelled FYEZIXULLE, it crumbles to dust.
It is a scroll of identify.
g - a scroll of noise
* * * LOW HITPOINT WARNING * * *
You feel sick.
There is a lethal amount of poison in your body!
Your transformation has ended.
You die...

#...# #...###########
'.............######
#...#########.##...#
..### #..#...# ..#
##.#...# ..# #.#...#
..############.....#
................@..###
###############......#
##.#...# #.#...#
#.....# #.....#
#.....######
#..........#
#.#...###.##


There were no monsters in sight!

Vanquished Creatures
  2 adders (D:2)
  A worm (D:2)
  2 dart slugs (D:1)
  2 ball pythons
  2 bats (D:1)
  2 endoplasms
  6 goblins
  10 hobgoblins
  4 kobolds
  2 frilled lizards (D:2)
  4 rats
37 creatures vanquished.

Notes
Turn   | Place    | Note
-------+----------+-------------------------------------------
     0 | D:1      | avis the Octopode Transmuter began the quest for the Orb.
     0 | D:1      | Reached XP level 1. HP: 13/13 MP: 3/3
   108 | D:1      | Reached XP level 2. HP: 19/19 MP: 3/5
   597 | D:1      | Found a faded altar of an unknown god.
   779 | D:1      | Reached XP level 3. HP: 25/25 MP: 4/6
   981 | D:1      | Learned a level 3 spell: Spider Form
  1420 | D:2      | Reached skill level 1 in Poison Magic
  1799 | D:2      | Reached XP level 4. HP: 26/31 MP: 3/7
  2261 | D:2      | HP: 1/31 [poisoned by a kobold]
  2262 | D:2      | Succumbed to a kobold's poison

Illustrated notes

Levels and vault maps discovered:
D:1:      minmay_arrival_semitransparent, layout_loops_ring,
          ebering_ecumenical_altar_sacrificial
D:2:      layout_basic
D:3:      kennysheep_goblin_castle, layout_basic,
          mainiacjoe_overflow_concentric_impassable, minmay_misc_feat_room,
          minmay_bisected

Skill      XL: |  1  2  3 |
---------------+----------+-----
Fighting       | 2 3 |  3.0
Poison Magic   | 2 |  2.7
Dodging        | |  2.0
Unarmed Combat | |  3.0
Spellcasting   | |  2.0
Transmutations | |  2.0

Action                   |  1- 3 |  4- 6 || total
-------------------------+-------+-------++-------
Melee: Unarmed           |    65 |     9 ||    74
       Constrict         |    14 |     2 ||    16
       Kick              |    13 |     1 ||    14
       Tentacles         |     7 |       ||     7
 Fire: Hunting sling     |     2 |       ||     2
 Cast: Beastly Appendage |    20 |     2 ||    22
       Spider Form       |     5 |     4 ||     9
  Use: Potion            |       |     4 ||     4
       Scroll            |       |     1 ||     1
 Stab: Sleeping          |     3 |     1 ||     4
Armor: Skin              |     8 |       ||     8
Dodge: Dodged            |    30 |     5 ||    35

Table legend: (Time is in decaauts)
 A = Elapsed time spent in this place.
 B = Non-inter-level travel time spent in this place.
 C = Inter-level travel time spent in this place.
 D = Time resting spent in this place.
 E = Time spent auto-exploring this place.
 F = Levels seen in this place.
 G = Mean time per level.
                   A        B        C        D        E       F      G
               +--------+--------+--------+--------+--------+-----+--------+
         Total |   2260 |   2092 |    168 |    815 |    799 |   3 |  753.3 |
       Dungeon |   2260 |   2092 |    168 |    815 |    799 |   3 |  753.3 |
               +--------+--------+--------+--------+--------+-----+--------+

Top non-repeatable levels by time:
     D:1: 1326 daAuts
     D:2: 901 daAuts
     D:3: 32 daAuts
